 Dungeon Crawl Stone Soup version 0.32-a0-747-gc8563f6773 (webtiles) character file.

Game seed: 18094010840771831796

179064 jasper the Brawler (level 17, 0/150 HPs)
             Began as a Yellow Draconian Shapeshifter on Mar 17, 2024.
             Was the Champion of Cheibriados.
             Slain by a naga warrior
             ... wielding a +0 scimitar
              (17 damage)
             ... on level 1 of the Snake Pit.
             The game lasted 00:47:42 (26241 turns).

jasper the Brawler (Yellow Draconian Shapeshifter) Turns: 26241, Time: 00:47:43

Health: 0/150      AC: 16    Str: 39    XL:     17   Next: 29%
Magic:  26/26      EV: 11    Int: 36    God:    Cheibriados [******]
Gold:   2756       SH:  5    Dex: 25    Spells: 6/16 levels left

rFire   . .          .
                       - Unarmed
rCold   . . .        Z - +0 buckler
rNeg    + . .        (body armour unavailable)
rPois   +            l - +2 hat
rElec   .            P - +1 cloak {rPois}
rCorr   +            k - +2 pair of gloves
SInv    .            (no boots)
Will    +....        B - amulet "Zoaqam" {Regen+ Int+3}
Stlth   ++           n - ring of positive energy
HPRegen 1.25/turn    I - +6 ring of intelligence
MPRegen 0.20/turn

%: no passive effects
@: maw-form, constricted, very slow
A: devouring maw, caustic breath, AC +9, unfitting armour, acidic bite,
cold-blooded, acid resistance
}: 1/15 runes: decaying
a: Caustic Breath, Begin Untransformation, Renounce Religion, Bend Time,
Temporal Distortion, Slouch, Step From Time


You were on level 1 of the Snake Pit.
You worshipped Cheibriados.
Cheibriados was exalted by your worship.
You were a creature with a mouth for a stomach.
You visited 6 branches of the dungeon, and saw 28 of its levels.
You also visited: Sewer, Bailey, Gauntlet and Ice Cave.

You collected 4119 gold pieces.
You spent 1363 gold pieces at shops.

Inventory:

Missiles
 j - 16 javelins
 t - 33 poisoned darts
Armour
 k - a +2 pair of gloves (worn)
 l - a +2 hat (worn)
 P - a +1 cloak of poison resistance (worn)
 V - a scarf of resistance
 Z - a +0 buckler (worn)
Jewellery
 n - a ring of positive energy (left hand)
 o - a +4 ring of slaying
 z - a ring of see invisible
 B - the amulet "Zoaqam" (around neck) {Regen+ Int+3}
   (You bought it in a shop on level 2 of the Orcish Mines)

   [amulet of regeneration]

   Int+3:     It affects your intelligence (+3).
   Regen+:    It increases your rate of health regeneration.
 I - a +6 ring of intelligence (right hand)
 J - a ring of wizardry
 W - a ring of wizardry
Talismans
 c - a blade talisman
 y - a maw talisman (active)
Wands
 g - a wand of mindburst (12)
 q - a wand of flame (77)
 u - a wand of iceblast (38)
 w - a wand of charming (25)
 D - a wand of digging (10)
 Q - a wand of polymorph (22)
 Y - a wand of acid (26)
Scrolls
 b - a scroll of poison
 m - 5 scrolls of immolation
 r - 6 scrolls of amnesia
 s - a scroll of silence
 x - 4 scrolls of enchant weapon
 A - a scroll of butterflies
 E - 10 scrolls of teleportation
 K - 2 scrolls of fog
 L - 3 scrolls of revelation
 O - 2 scrolls of fear
 S - 18 scrolls of identify
 T - 3 scrolls of vulnerability
Potions
 a - 5 potions of lignification
 d - 3 potions of invisibility
 e - 5 potions of brilliance
 f - 11 potions of curing
 h - 6 potions of enlightenment
 F - 3 potions of mutation
 G - 5 potions of ambrosia
 H - 3 potions of might
Miscellaneous
 i - a phial of floods
 M - a phantom mirror (inert)
 R - a tin of tremorstones (2/2)
 X - a sack of spiders


   Skills:
 - Level 13.2 Fighting
 - Level 11.1 Dodging
 - Level 17.0 Unarmed Combat
 - Level 10.0 Summonings
 + Level 16.0 Necromancy
 - Level 2.0 Translocations
 - Level 12.0 Invocations
 - Level 10.0 Shapeshifting


You had 6 spell levels left.
You knew the following spells:

 Your Spells              Type           Power      Damage    Failure   Level
a - Apportation           Tloc           28%        N/A       3%          1
b - Haunt                 Necr/Summ      38%        N/A       30%         7
c - Blink                 Tloc           28%        N/A       4%          2

Your spell library contained the following spells:

 Spells                   Type           Power      Damage    Failure   Level
 Sublimation of Blood     Necr           86%        N/A       0%          2
 Kiss of Death            Conj/Necr      100%       2d13      1%          1
 Call Imp                 Summ           100%       N/A       1%          2
 Cigotuvi's Dreadful Rot  Necr/Alch/Air  76%        N/A       1%          2
 Call Canine Familiar     Summ           64%        N/A       1%          3
 Animate Dead             Necr           86%        N/A       1%          4
 Dispel Undead            Necr           86%        3d28      1%          4
 Martyr's Knell           Necr/Summ      76%        N/A       1%          4
 Summon Ice Beast         Ice/Summ       36%        N/A       2%          3
 Magic Dart               Conj           0%         1d3       8%          1
 Sting                    Conj/Alch      0%         1d3       8%          1
 Jinxbite                 Hex            0%         N/A       11%         2
 Mercury Vapours          Alch/Air       0%         N/A       11%         2
 Searing Ray              Conj           0%         2d4       11%         2
 Summon Forest            Summ/Tloc      21%        N/A       17%         5
 Summon Cactus Giant      Summ           32%        N/A       19%         6
 Confusing Touch          Hex            0%         N/A       22%         3
 Hailstorm                Conj/Ice       0%         3d5       22%         3
 Sigil of Binding         Hex            0%         N/A       22%         3
 Tukima's Dance           Hex            0%         N/A       22%         3
 Dimensional Bullseye     Hex/Tloc       3%         N/A       43%         4
 Iskenderun's Mystic Bla  Conj/Tloc      7%         2d4       43%         4
 Fulminant Prism          Conj/Alch      0%         3d5       58%         4
 Leda's Liquefaction      Alch/Erth      0%         N/A       58%         4
 Olgreb's Toxic Radiance  Alch           0%         N/A       58%         4
 Petrify                  Alch/Erth      0%         N/A       58%         4
 Alistair's Intoxication  Alch           0%         N/A       90%         5
 Irradiate                Conj/Alch      0%         3d11      90%         5
 Metabolic Englaciation   Hex/Ice        0%         N/A       90%         5
 Eringya's Noxious Bog    Alch           0%         4d6       100%        6
 Permafrost Eruption      Ice/Erth       0%         2x4d2     100%        6
 Sculpt Simulacrum        Ice/Alch       0%         N/A       100%        6
 Infestation              Necr           43%        N/A       56%         8
 Summon Hydra             Summ           32%        N/A       71%         7


Dungeon Overview and Level Annotations

Branches:
Dungeon (15/15)            Temple (1/1) D:7            Lair (5/5) D:8
  Swamp (4/4) Lair:2        Snake (1/4) Lair:3        Slime (0/5) Lair:5
    Orc (2/2) D:10            Elf (0/3) Orc:2        Vaults (0/5) D:13
 Depths (0/4) D:15          Sewer (visited)          Bailey (visited)
  IceCv (visited)         Gauntlet (visited)

Altars:
Ashenzari
Cheibriados
Dithmenos
Elyvilon
Fedhas
Gozag
Hepliaklqana
Kikubaaqudgha
Makhleb
Nemelex Xobeh
Qazlal
Ru
Sif Muna
Trog
Uskayaw
Vehumet
Wu Jian
Xom
Yredelemnul
Zin
The Shining One
Beogh
Jiyva

Shops:
D:3 !   Orc:1 :   Orc:2 =*([

Annotations:
Lair:3 exclusion: oklob plant
Lair:5 1 runed translucent door


Innate Abilities, Weirdness & Mutations

You are a creature with a mouth for a stomach.
Your midsection houses a second, enormous mouth.
You can breathe corrosive fumes.
Your golden yellow scales are hard. (AC +9)
You cannot fit into any form of body armour.
You have acidic saliva.
You are cold-blooded and may be slowed by cold attacks.
You are resistant to acid. (rCorr)


Message History

Your Necromancy skill increases to level 16!
You take 19 damage, and have 78/150 hp.
You pummel the guardian serpent!! You bite the guardian serpent!
The acid corrodes the guardian serpent!
Your bite misses the guardian serpent.
The guardian serpent is almost dead.
The guardian serpent coils itself and waves its upper body at you.
You easily resist.
The salamander hits you with a +0 halberd!
You are engulfed in flames!
You block the naga warrior's attack. The naga warrior constricts you.
The naga mage casts a spell.
The naga mage seems to speed up.
You take 21 damage, and have 57/150 hp.
You closely miss the guardian serpent.
Your tail-slap misses the guardian serpent.
Your bite misses the guardian serpent. x2
The guardian serpent is almost dead.
The guardian serpent hits you. The naga mage casts a spell at you.
The bolt of poison misses you. The salamander closely misses you.
The guardian serpent hits you but does no damage.
You take 5 damage, and have 52/150 hp.
You pummel the guardian serpent!!
You devour half of the guardian serpent!
You feel better.
You kill the guardian serpent!
Cheibriados thoroughly appreciates the change of pace.
The naga warrior hits you with a +0 scimitar!
The naga warrior constricts you. The naga mage barely misses you.
You take 5 damage, and have 47/150 hp.
You closely miss the naga mage. You bite the naga mage!
The naga mage is moderately wounded.
The salamander hits you with a +0 halberd!!
* * * LOW HITPOINT WARNING * * *
You are engulfed in flames!
* * * LOW HITPOINT WARNING * * *
The naga mage closely misses you.
The naga warrior hits you with a +0 scimitar!
You die...
Cheibriados appreciates the motionlessness of death.

####...
####.......
##..........
##...........
#............
#............
#.N.N........
#.WN.).)...$
#...$.......
##..).......
#..........
##.........
###.......
.....:.
...#...
....##


You could see a naga warrior (curare), a salamander (strong) and a naga mage
(fast, strong).

Vanquished Creatures
  Nikola (Swamp:1)
  A shard shrike zombie (Swamp:4)
  Kirke (D:13)
  An orc warlord (Orc:2)
  4 eleionomae
  5 bunyips
  A minotaur (Gauntlet)
  An entropy weaver (Gauntlet)
  A kraken zombie (Swamp:4)
  5 vault guards (D:13)
  10 hydras
  Erolcha (D:10)
  2 catoblepae
  12 two-headed ogres
  6 alligators
  2 ghost crabs (Swamp:2)
  4 boulder beetles
  An ogre mage (Orc:2)
  7 centaur warriors
  A death knight (D:13)
  13 death yaks
  2 tengu warriors
  A deep troll shaman (Lair:5)
  An orc high priest (Orc:2)
  2 shock serpents (Snake:1)
  2 occultists (D:15)
  Urug (Orc:2)
  A death drake (Swamp:3)
  2 skeletal warriors
  4 spriggan druids
  3 goliath frogs (Swamp:3)
  A sun moth (shapeshifter) (D:13)
  14 swamp dragons
  5 orc knights
  4 bog bodies
  2 necromancers
  16 ugly things
  A manticore (D:13)
  6 orc sorcerers
  5 will-o-the-wisps
  6 cyclopes
  Maurice (D:10)
  27 elephants
  3 meliai (D:13)
  A guardian serpent (Snake:1)
  An ice statue (IceCv)
  4 black mambas
  16 cane toads
  2 gargoyles
  A yaktaur (shapeshifter) (D:15)
  4 unseen horrors (D:12)
  3 rime drakes (Lair:3)
  A kobold demonologist (D:11)
  A minotaur zombie (Gauntlet)
  An efreet (D:13)
  12 ice devils (IceCv)
  Psyche (D:8)
  2 tengu conjurers
  An anaconda simulacrum (IceCv)
  7 freezing wraiths
  14 komodo dragons
  11 trolls
  4 polar bears (Lair:5)
  10 hornets
  4 tyrant leeches
  24 blink frogs
  2 dream sheep (Lair:3)
  3 hydra skeletons (Swamp:4)
  2 slime creatures (D:13)
  6 hogs (D:13)
  A vampire (D:10)
  14 spriggans
  9 spriggan skeletons (Swamp:4)
  5 wyverns
  2 dire elephant simulacra (IceCv)
  6 wraiths
  3 basilisks
  30 yaks
  7 humans (D:13)
  3 death yak simulacra (IceCv)
  3 wargs (Orc:1)
  2 steam dragons
  10 vampire mosquitoes
  2 harpy simulacra (IceCv)
  2 redbacks (Gauntlet)
  A naga (Snake:1)
  10 swamp worms
  2 acid dragons
  15 water moccasins
  2 hydra simulacra (IceCv)
  9 swamp drakes
  28 orc warriors
  3 black bears
  2 laughing skulls (D:13)
  An ice beast (D:5)
  A sky beast (D:7)
  10 ogres
  5 centaurs
  42 wolves
  2 phantoms (D:10)
  A weeping skull (D:8)
  4 kobold brigands
  A brain worm (shapeshifter) (D:15)
  2 gnoll sergeants
  9 bullfrogs
  2 brain worms (Sewer)
  3 cane toad simulacra (IceCv)
  2 scorpions
  7 wights
  10 killer bees
  3 troll zombies (D:10)
  6 elephant simulacra (IceCv)
  8 electric eels
  9 howler monkeys
  3 jellies
  18 orc priests
  A bombardier beetle (D:5)
  A gnoll bouda (D:4)
  11 hounds
  26 orc wizards
  3 iguanas
  A sleepcap (D:6)
  A hell rat (Lair:3)
  2 polar bear simulacra (IceCv)
  6 wolf simulacra (IceCv)
  5 ogre zombies (D:10)
  21 gnolls
  10 adders
  A naga simulacrum (IceCv)
  12 white imps (Orc:2)
  6 ufetubi
  3 dart slugs
  2 ribbon worms
  57 orcs
  9 ball pythons
  7 endoplasms
  3 giant cockroaches
  10 goblins
  7 hobgoblins
  4 jackals (D:2)
  2 quokkas
  7 bats
  11 frilled lizards
  4 gnoll skeletons (D:10)
  2 gnoll zombies (D:10)
  29 kobolds
  3 orc skeletons (D:10)
  14 orc zombies (D:10)
  10 rats
  A spectral orc (D:8)
  2 tentacles (Swamp:4)
942 creatures vanquished.

Vanquished Creatures (collateral kills)
  the Lernaean hydra (Swamp:4)
  An orc warlord (Orc:1)
  2 hydras (Swamp:4)
  A molten gargoyle (Gauntlet)
5 creatures vanquished.

Vanquished Creatures (others)
  6 bloated husks
  A tyrant leech (Swamp:4)
  A swamp worm (Swamp:1)
  2 orc wizards
  An orc zombie (D:10)
  14 foxfires
  8 tentacles (Swamp:4)
33 creatures vanquished.

Grand Total: 980 creatures vanquished

Notes
Turn   | Place    | Note
-------+----------+-------------------------------------------
     0 | D:1      | jasper the Draconian Shapeshifter began the quest for the
                  | Orb.
     0 | D:1      | Reached XP level 1. HP: 16/16 MP: 1/1
   199 | D:1      | Reached XP level 2. HP: 18/23 MP: 2/2
   235 | D:1      | Found a faded altar of an unknown god.
   535 | D:1      | Reached XP level 3. HP: 28/28 MP: 3/3
   786 | D:2      | Found a white marble altar of Elyvilon.
  1208 | D:2      | Reached XP level 4. HP: 33/35 MP: 4/4
  1610 | D:3      | Reached skill level 5 in Shapeshifting
  1702 | D:3      | Found a stormy altar of Qazlal.
  1876 | D:3      | Found Lucreit's Distillery.
  1881 | D:3      | Bought a potion of curing for 33 gold pieces
  1881 | D:3      | Bought a potion of haste for 110 gold pieces
  1932 | D:3      | Reached XP level 5. HP: 40/40 MP: 5/5
  2028 | D:4      | Noticed a black bear
  2035 | D:4      | Killed a black bear
  2446 | D:4      | Reached XP level 6. HP: 35/47 MP: 6/6
  2456 | D:4      | HP: 1/47 [gnoll/+0 halberd[a gnoll bouda] (6)]
  2872 | D:5      | Entered Level 5 of the Dungeon
  2873 | D:5      | Found a sparkling altar of Nemelex Xobeh.
  2928 | D:5      | Your scales start taking on a golden yellow colour.
  2928 | D:5      | Reached XP level 7. HP: 53/53 MP: 7/7
  2928 | D:5      | Gained mutation: You are resistant to acid. (rCorr) [Yellow
                  | Draconian growth]
  3013 | D:5      | Found a glowing golden altar of the Shining One.
  3092 | D:5      | Reached skill level 4 in Unarmed Combat
  3503 | D:5      | Found a snail-covered altar of Cheibriados.
  3519 | D:5      | Became a worshipper of Cheibriados the Contemplative
  3755 | D:5      | Learned a level 1 spell: Apportation
  3814 | D:6      | Found an opulent altar of Gozag.
  3858 | D:6      | Found a glowing drain.
  3874 | Sewer    | Entered a sewer
  3952 | Sewer    | Reached skill level 5 in Unarmed Combat
  3999 | Sewer    | Reached XP level 8. HP: 59/63 MP: 8/8
  4021 | Sewer    | Reached * piety under Cheibriados
  4214 | Sewer    | Identified a scroll of acquirement
  4214 | Sewer    | Acquired 1222 gold pieces
  4305 | D:6      | Reached skill level 6 in Unarmed Combat
  4917 | D:6      | Reached skill level 7 in Unarmed Combat
  5214 | D:7      | Reached skill level 5 in Fighting
  5256 | D:7      | Found a staircase to the Ecumenical Temple.
  5270 | D:7      | Reached ** piety under Cheibriados
  5297 | D:7      | Reached XP level 9. HP: 70/74 MP: 9/9
  5573 | D:7      | Found a sacrificial altar of Ru.
  5602 | D:7      | Reached skill level 5 in Dodging
  5692 | D:7      | Reached skill level 8 in Unarmed Combat
  6129 | Temple   | Entered the Ecumenical Temple
  6177 | D:8      | Reached *** piety under Cheibriados
  6259 | D:8      | Found a flagged portal.
  6268 | Bailey   | Entered a bailey
  6629 | Bailey   | Noticed a two-headed ogre
  6635 | Bailey   | Reached skill level 9 in Unarmed Combat
  6642 | Bailey   | Killed a two-headed ogre
  6643 | Bailey   | Reached XP level 10. HP: 32/86 MP: 10/10
  6947 | D:8      | Found a broken altar of Ashenzari.
  7016 | D:8      | Found a basalt altar of Yredelemnul.
  7090 | D:8      | Reached skill level 10 in Unarmed Combat
  7099 | D:8      | Noticed Psyche
  7123 | D:8      | Killed Psyche
  7416 | D:8      | Reached **** piety under Cheibriados
  7681 | D:8      | Found a staircase to the Lair.
  8110 | D:9      | Found a radiant altar of Vehumet.
  8110 | D:9      | Found an ancient bone altar of Kikubaaqudgha.
  8111 | D:9      | Found a shimmering blue altar of Sif Muna.
  8349 | D:9      | Identified the +2 leather armour of the Tarantula {rElec
                  | rPois rCorr Int-5}
  8642 | D:9      | Reached ***** piety under Cheibriados
  8819 | D:10     | Entered Level 10 of the Dungeon
  8823 | D:10     | Noticed Erolcha
  8828 | D:10     | Killed Erolcha
  8829 | D:10     | Reached skill level 10 in Shapeshifting
  8831 | D:10     | Noticed a two-headed ogre
  8839 | D:10     | Killed a two-headed ogre
  8840 | D:10     | Reached XP level 11. HP: 89/92 MP: 11/11
  8944 | D:10     | Noticed a two-headed ogre
  8950 | D:10     | Killed a two-headed ogre
  9299 | D:10     | Noticed Maurice
  9305 | D:10     | Found a staircase to the Orcish Mines.
  9307 | D:10     | Something stole 19 poisoned darts
  9308 | D:10     | Something stole an amulet of regeneration
  9315 | D:10     | Something stole a flux talisman
  9319 | D:10     | Killed Maurice
  9855 | D:11     | Found a gate leading to a gauntlet.
  9860 | Gauntlet | Entered a Gauntlet
  9860 | Gauntlet | Found a transporter.
  9866 | Gauntlet | Noticed an entropy weaver
  9869 | Gauntlet | Found a transporter.
  9871 | Gauntlet | Noticed a death yak
  9872 | Gauntlet | Noticed a death yak
  9872 | Gauntlet | Noticed a death yak
  9873 | Gauntlet | Noticed a death yak
  9875 | Gauntlet | Noticed a necromancer
  9875 | Gauntlet | Noticed a death yak
  9888 | Gauntlet | Found a transporter.
  9889 | Gauntlet | Found a transporter.
  9902 | Gauntlet | Noticed a four-headed hydra
  9909 | Gauntlet | Found a transporter.
  9922 | Gauntlet | Found a transporter.
  9924 | Gauntlet | Noticed a catoblepas
  9925 | Gauntlet | Found a transporter.
  9929 | Gauntlet | Found a transporter.
  9952 | Gauntlet | Found a transporter.
  9952 | Gauntlet | Noticed a blizzard demon
  9960 | Gauntlet | Found a transporter.
  9960 | Gauntlet | Found a transporter.
  9960 | Gauntlet | Noticed an obsidian statue
  9968 | Gauntlet | Found a transporter.
 10066 | Gauntlet | Reached skill level 11 in Unarmed Combat
 10071 | Gauntlet | Killed an entropy weaver
 10074 | Gauntlet | Identified the amulet of Vitism {Acrobat Int+2}
 10406 | Gauntlet | Killed a catoblepas
 10464 | Gauntlet | Noticed a minotaur
 10785 | Gauntlet | Killed a minotaur
 10825 | Gauntlet | Identified the staff of the Extremes {rElec rC+ MP+9 Str+2
                  | Ice}
 10867 | D:11     | Reached skill level 1 in Invocations
 11114 | D:11     | Reached skill level 5 in Invocations
 11117 | D:11     | Reached XP level 12. HP: 88/103 MP: 15/15
 11579 | Lair:1   | Entered Level 1 of the Lair of Beasts
 11639 | Lair:1   | Reached ****** piety under Cheibriados
 12354 | Lair:2   | Found a staircase to the Swamp.
 12458 | Lair:2   | Reached skill level 10 in Invocations
 13177 | Lair:3   | Found a staircase to the Snake Pit.
 13282 | Lair:3   | Found a bloodstained altar of Trog.
 13308 | Lair:3   | Reached skill level 12 in Unarmed Combat
 13423 | Lair:3   | Reached XP level 13. HP: 98/111 MP: 22/22
 13877 | Lair:3   | Reached skill level 13 in Unarmed Combat
 13882 | Lair:3   | Reached skill level 10 in Fighting
 15039 | Lair:5   | Entered Level 5 of the Lair of Beasts
 15239 | Lair:5   | Reached skill level 14 in Unarmed Combat
 15331 | Lair:5   | Found a runed translucent door.
 15333 | Lair:5   | Found a viscous altar of Jiyva.
 15333 | Lair:5   | Noticed an acid blob
 15334 | Lair:5   | Noticed an acid blob
 15339 | Lair:5   | Found a staircase to the Slime Pits.
 15339 | Lair:5   | Noticed an acid blob
 15461 | Lair:5   | Gained mutation: You have acidic saliva. [Yellow Draconian
                  | growth]
 15461 | Lair:5   | Reached XP level 14. HP: 124/124 MP: 23/23
 16042 | Lair:5   | Reached skill level 15 in Unarmed Combat
 16056 | Lair:5   | Reached skill level 10 in Dodging
 16137 | Lair:5   | Got the Enchiridion on Space and Command
 16564 | Orc:1    | Entered Level 1 of the Orcish Mines
 16853 | Orc:1    | Noticed an orc warlord
 16863 | Orc:1    | Killed an orc warlord
 16987 | Orc:1    | Found Upsetiq's Book Shop.
 16997 | Orc:1    | Bought a book of Death for 484 gold pieces
 17005 | Orc:1    | Learned a level 7 spell: Haunt
 17077 | Orc:2    | Entered Level 2 of the Orcish Mines
 17174 | Orc:2    | Noticed an orc warlord
 17182 | Orc:2    | Killed an orc warlord
 17183 | Orc:2    | Reached skill level 16 in Unarmed Combat
 17210 | Orc:2    | Noticed Urug
 17271 | Orc:2    | Found a frozen archway.
 17284 | IceCv    | Entered an ice cave
 17492 | IceCv    | Reached XP level 15. HP: 125/134 MP: 24/24
 17609 | IceCv    | Found an ancient bone altar of Kikubaaqudgha.
 18221 | Orc:2    | Found a staircase to the Elven Halls.
 18241 | Orc:2    | Found a roughly hewn altar of Beogh.
 18344 | Orc:2    | Killed Urug
 18374 | Orc:2    | Found a roughly hewn altar of Beogh.
 18405 | Orc:2    | Found Berchemu's Antique Weapon Shoppe.
 18502 | Orc:2    | Found Liklid's General Store.
 18509 | Orc:2    | Bought a potion of heal wounds for 70 gold pieces
 18509 | Orc:2    | Bought a potion of curing for 42 gold pieces
 18509 | Orc:2    | Bought a scroll of revelation for 105 gold pieces
 18518 | Orc:2    | Found Poaban Jayz's Jewellery Shoppe.
 18525 | Orc:2    | Bought the amulet "Zoaqam" {Regen+ Int+3} for 519 gold
                  | pieces
 18543 | Orc:2    | Found Soudaxe's Antique Armour Shoppe.
 19078 | D:12     | Identified the +1 robe of Suavuam {rElec Will- Regen+}
 19356 | D:12     | Reached skill level 17 in Unarmed Combat
 19584 | D:13     | Reached skill level 1 in Necromancy
 19752 | D:13     | Reached skill level 5 in Necromancy
 19791 | D:13     | Found a gate to the Vaults.
 20072 | D:13     | Noticed Kirke
 20085 | D:13     | Reached skill level 10 in Necromancy
 20088 | D:13     | Killed Kirke
 20741 | D:14     | Found an ancient bone altar of Kikubaaqudgha.
 21028 | D:14     | Reached XP level 16. HP: 63/144 MP: 25/25
 21361 | D:15     | Entered Level 15 of the Dungeon
 21547 | D:15     | Found a staircase to the Depths.
 22171 | Swamp:1  | Entered Level 1 of the Swamp
 22222 | Swamp:1  | Noticed Nikola
 22235 | Swamp:1  | Killed Nikola
 22355 | Swamp:1  | Reached skill level 15 in Necromancy
 22449 | Swamp:1  | Identified the +8 rapier of Rasuohol {flame, rPois Stlth+}
 22502 | Swamp:1  | Reached skill level 1 in Summonings
 22660 | Swamp:1  | Found the +10 Black Knight's barding {ponderous, rPois rN+}
 23147 | Swamp:2  | Reached skill level 5 in Summonings
 23697 | Swamp:3  | HP: 3/144 [spriggan rider/+0 spear[a spriggan druid] (20)]
 23893 | Swamp:3  | Learned a level 2 spell: Blink
 24236 | Swamp:4  | Entered Level 4 of the Swamp
 24259 | Swamp:4  | Reached skill level 1 in Translocations
 24636 | Swamp:4  | Found the +7 mace of Variability {chaos, chaos arc}
 24771 | Swamp:4  | Reached XP level 17. HP: 110/150 MP: 26/26
 24948 | Swamp:4  | Reached skill level 10 in Summonings
 25001 | Swamp:4  | Noticed the 27-headed Lernaean hydra
 25275 | Swamp:4  | Killed the 27-headed Lernaean hydra
 25505 | Swamp:4  | Got a decaying rune of Zot
 26152 | Snake:1  | Entered Level 1 of the Snake Pit
 26241 | Snake:1  | Slain by a naga warrior

Illustrated notes

Levels and vault maps discovered:
D:1:      grunt_arrival_crossed_arrows, layout_loops_ring,
          basic_ecumenical_altar
D:2:      layout_basic, basic_altar
D:3:      layout_rooms, grunt_qazlal_clouds, serial_shops, shop
D:4:      layout_basic, minmay_misc_feat_more_columns
D:5:      layout_gridville, nicolae_tso_carved_into_rock, lemuel_crystal_altar,
          slow_altar_2
D:6:      minmay_angry_zag, layout_loops_cross, overflow_temple_1_default,
          portal_sewer_entry_d
D:7:      layout_loops_corners, hangedman_ru_absence,
          minmay_temple_entry_drinking_statues, chequers_avenue
D:8:      layout_basic, ashenzari_conservatory_becter,
          yredelemnul_forgotten_temple_becter, erik_lair_island, enter_bailey_8,
          uniq_psyche
D:9:      layout_layer_cave, grunt_temple_overflow_magic_moments,
          okawaru_trees_2, special_room [special_room_bee]
D:10:     layout_cave_pods, zombieorc2_lemuel, uniq_erolcha, uniq_maurice
D:11:     layout_small_grid, gauntlet_entry_generic
D:12:     layout_long_grid
D:13:     layout_basic, ximxim_vaults_locker_room, uniq_kirke
D:14:     layout_loops_ring, kiku_gazebo_pond_becter, serial_rivers,
          chequers_serial_rivers_room_b, chequers_serial_rivers_marsh,
          chequers_serial_rivers_micro_e, chequers_serial_rivers_micro_d,
          chequers_serial_rivers_small_b
D:15:     hangedman_depths_entry_civil_slaughter, layout_basic,
          serial_park_gazebo [serial_park_minivault_5x5_8]
Temple:   hellmonk_temple_flake
Lair:1:   layout_chaotic_city
Lair:2:   layout_concentric_octagons, minmay_swamp_entry_eels
Lair:3:   nzn_winding_woodlands_medium [nzn_winding_woodlands_5x5_cross,
          nzn_winding_woodlands_5x15_twine, nzn_winding_woodlands_5x5_perimeter,
          nzn_winding_woodlands_5x5_closed_star,
          nzn_winding_woodlands_center_triple_pond,
          nzn_winding_woodlands_5x5_checkerboard,
          nzn_winding_woodlands_5x5_three,
          nzn_winding_woodlands_5x15_pathside_ponds,
          nzn_winding_woodlands_5x5_default], layout_loops_ring,
          dummy_snake_entry, lemuel_oklob_altar
Lair:4:   layout_regular_city
Lair:5:   grunt_lair_end_beastmaster, layout_loops_ring, slime_entry_2,
          serial_bayou_shore_b
Swamp:1:  layout_basic_swamp, evilmike_swamp_ruin_rubble_1, uniq_nikola
Swamp:2:  layout_basic_swamp, nicolae_swamp_triple_paths, swamp_pool_1_2
Swamp:3:  layout_basic_swamp, nicolae_swamp_ascending_descending
Swamp:4:  swamp_old_school, layout_basic_swamp, swamp_pool_3,
          beargit_guarded_unrand_captain_cutlass, infiniplex_staircase_pool
Snake:1:  layout_cave_pods, grunt_megastairs_3
Orc:1:    layout_diamond_mine, serial_shops, nicolae_lakefront_shop,
          lightli_orcish_oven
Orc:2:    grunt_orc_cross, layout_caves, basic_altar, portal_ice_cave_entry_imps

Skill      XL: |  1  2  3  4  5  6  7  8  9 10 11 12 13 14 15 16 17 |
---------------+----------------------------------------------------+-----
Shapeshifting  | 4 5 6 7 10 | 10.0
Dodging        | 2 3 4 6 7 9 10 11 | 11.1
Fighting       | 3 5 7 8 9 11 12 13 | 13.2
Unarmed Combat | 5 7 9 10 11 12 14 16 17 | 17.0
Invocations    | 5 12 | 12.0
Necromancy     | 13 15 16 | 16.0
Summonings     | 9 10 | 10.0
Translocations | 2 |  2.0

Action                     |  1- 3 |  4- 6 |  7- 9 | 10-12 | 13-15 | 16-18 || total
---------------------------+-------+-------+-------+-------+-------+-------++-------
  Melee: Unarmed           |   107 |   137 |   277 |   433 |   889 |   393 ||  2236
         Tailslap          |     8 |    13 |    50 |    76 |   181 |    81 ||   409
         Punch             |     1 |     2 |       |    31 |    14 |    27 ||    75
         Maw               |       |       |       |   116 |   344 |    63 ||   523
         Bite              |       |       |       |       |    81 |    54 ||   135
  Throw: Javelin           |       |     3 |       |       |       |       ||     3
         Stone             |       |       |       |     3 |       |       ||     3
 Invoke: Slouch            |       |       |       |       |     3 |     8 ||    11
Ability: Begin Untransform |       |     1 |       |       |       |       ||     1
         Caustic Breath    |       |       |     5 |     5 |     6 |     3 ||    19
  Evoke: Wand              |       |       |     4 |    30 |     1 |       ||    35
         Phantom mirror    |       |       |       |     1 |     1 |     1 ||     3
         Tin of tremorston |       |       |       |     2 |     2 |       ||     4
    Use: Scroll            |     2 |     9 |     8 |     9 |     5 |     3 ||    36
         Potion            |       |     3 |     5 |     5 |     1 |     1 ||    15
   Stab: Sleeping          |     1 |       |       |     4 |     5 |     3 ||    13
         Distracted        |       |       |       |     1 |     1 |       ||     2
 Armour: Skin              |    55 |    89 |   150 |   320 |   532 |   466 ||  1612
  Dodge: Dodged            |    71 |    81 |   262 |   460 |   882 |   523 ||  2279
  Block: Buckler           |       |       |       |       |   227 |    73 ||   300
   Form: Beast             |       |     1 |       |       |       |       ||     1
         Flux              |       |     1 |       |       |       |       ||     1
         Maw               |       |       |       |     1 |       |     2 ||     3
         Blade             |       |       |       |       |     1 |     1 ||     2

Table legend: (Time is in decaauts)
 A = Elapsed time spent in this place.
 B = Non-inter-level travel time spent in this place.
 C = Inter-level travel time spent in this place.
 D = Time resting spent in this place.
 E = Time spent auto-exploring this place.
 F = Levels seen in this place.
 G = Mean time per level.
                   A        B        C        D        E       F      G
               +--------+--------+--------+--------+--------+-----+--------+
         Total |  39463 |  37105 |   2358 |   3303 |  25689 |  32 | 1233.2 |
       Dungeon |  17911 |  16662 |   1249 |    781 |  12531 |  15 | 1194.1 |
        Temple |      1 |      1 |      0 |      0 |      0 |   1 |    1.0 |
          Lair |   8875 |   8244 |    631 |    301 |   6202 |   5 | 1775.0 |
         Swamp |   6411 |   6133 |    278 |    810 |   3956 |   4 | 1602.8 |
     Snake Pit |     22 |     22 |      0 |      0 |      0 |   1 |   22.0 |
  Orcish Mines |   2416 |   2218 |    198 |    100 |   1593 |   2 | 1208.0 |
         Sewer |    517 |    517 |      0 |      0 |    260 |   1 |  517.0 |
        Bailey |    702 |    702 |      0 |    418 |    168 |   1 |  702.0 |
      Ice Cave |   1376 |   1376 |      0 |    227 |    698 |   1 | 1376.0 |
      Gauntlet |   1228 |   1228 |      0 |    665 |    277 |   1 | 1228.0 |
               +--------+--------+--------+--------+--------+-----+--------+

Top non-repeatable levels by time:
 Swamp:4: 2710 daAuts
  Lair:5: 2123 daAuts
  Lair:3: 1957 daAuts
     D:8: 1806 daAuts
    D:14: 1782 daAuts
     D:7: 1777 daAuts
  Lair:2: 1753 daAuts
    D:10: 1734 daAuts
  Lair:4: 1689 daAuts
 Swamp:2: 1577 daAuts
   IceCv: 1376 daAuts
    D:11: 1357 daAuts
  Lair:1: 1351 daAuts
    D:13: 1284 daAuts
   Orc:2: 1276 daAuts
